 Dungeon Crawl Stone Soup version 0.30.1-3-gfc49f6343a (webtiles) character file.

Game seed: 7194109575674724251

23 Peloso the Covered (level 2, 27/27 HPs)
             Began as a Minotaur Fighter on July 23, 2023.
             Got out of the dungeon alive.
             The game lasted 00:01:04 (718 turns).

Peloso the Covered (Minotaur Fighter)                Turns: 718, Time: 00:01:05

Health: 27/27      AC: 10    Str: 20    XL:     2   Next: 75%
Magic:  1/1        EV:  9    Int:  5    God:
Gold:   18         SH:  4    Dex: 10    Spells: 1/1 levels left

rFire   . . .        a - +0 long sword
rCold   + . .        d - +0 buckler
rNeg    . . .        b - +0 scale mail
rPois   .            (helmet unavailable)
rElec   .            (no cloak)
rCorr   .            i - +2 pair of gloves {Dex+3}
SInv    .            (no boots)
Will    .....        (no amulet) Stlth
                     (no ring)
HPRegen 0.24/turn    (no ring)
MPRegen 0.07/turn

%: no passive effects
@: no status effects
A: horns 3, retaliatory headbutt, clumsy 1, cold resistance 1
a: no special abilities


You escaped.
You visited 1 branch of the dungeon, and saw 1 of its levels.

You collected 18 gold pieces.

Inventory:

Hand Weapons
 a - a +0 long sword (weapon)
Armour
 b - a +0 scale mail (worn)
 d - a +0 buckler (worn)
 i - a +2 pair of gloves of dexterity (worn)
Magical Staves
 c - a staff of fire
Scrolls
 h - a scroll of teleportation {unknown}
 j - a scroll of identify {unknown}
 l - a scroll of summoning {unknown}
Potions
 e - a potion of might
 g - a potion of flight {unknown}
 k - a potion of resistance {unknown}


   Skills:
 + Level 4.0 Fighting
 + Level 2.8 Long Blades
 + Level 4.1 Armour
 + Level 3.9 Shields


You had one spell level left.
You didn't know any spells.
Your spell library contained the following spells:

 Spells                   Type           Power      Damage    Failure   Level
 Scorch                   Fire           0%         2d5       95%         2
 Flame Wave               Conj/Fire      0%         2d4       100%        4
 Summon Cactus Giant      Summ           0%         N/A       100%        6


Dungeon Overview and Level Annotations

Branches:
Dungeon (1/15)

Altars:


Innate Abilities, Weirdness & Mutations

You have a pair of large horns on your head.
You reflexively headbutt those who attack you in melee.
You are clumsy. (Dex -2)
Your flesh is cold resistant. (rC+)


Message History

An endoplasm comes into view.
The endoplasm quivers.
An endoplasm is nearby!
An endoplasm is nearby!
An endoplasm is nearby!
An endoplasm is nearby!
You block the endoplasm's attack.
You hit the endoplasm. You headbutt the endoplasm.
You kill the endoplasm!
l - a scroll labelled LIH YBIVVIL You open the door.
There is an open door here.
There is an open door here.
A hobgoblin comes into view.
A hobgoblin is nearby!
A hobgoblin is nearby!
A hobgoblin is nearby!
The hobgoblin hits you but does no damage.
You hit the hobgoblin but do no damage. The hobgoblin completely misses you.
You hit the hobgoblin.
The hobgoblin is severely wounded.
The hobgoblin closely misses you.
You hit the hobgoblin.
You kill the hobgoblin!
Done exploring.
Done exploring.
Done exploring.
Done exploring.
It was a potion of mutation.
You feel extremely strange.
You feel clumsy. The horns on your head grow some more.
You feel resistant to cold.
(D) Dungeon
Where to? (? - help)
What level of the Dungeon? (default 1, ? - help)
There is an open door here.
There is an open door here.
There is an open door here.
There is a staircase leading out of the dungeon here.
Are you sure you want to leave the Dungeon?
This will make you lose the game!
You have escaped!

#....##.............#
####.#####.###########.# ..##.#
#..#.......#..# ..'..#
#.#.#######.#.# ..##.###
#.##.......##.# # ..##...#
#.#.###'###.#.# ### ..####.#
#.#.#.....#.#.# ####.. ..#
#.###.#.#.....#.#.#####...(.
..####.'.'.#.+..@..+.#.'.'.......
....##.###.#.#.....#.#.###..)..##
....##.# #.#.#.....#.#.# ##.#####
....##.# #.#.###+###.#.# #......
#...##.# #.##.......##.# #.....#
#...##.# #.#.#######.#.# #..####
######.# #..#.......#..# ###.##..
#.# #.###########.# #....... #.#
#.............# ####...#


There were no monsters in sight!

Vanquished Creatures
  3 ball pythons (D:1)
  7 endoplasms (D:1)
  2 giant cockroaches (D:1)
  A goblin (D:1)
  3 hobgoblins (D:1)
  2 kobolds (D:1)
  A rat (D:1)
19 creatures vanquished.

Notes
Turn   | Place    | Note
-------+----------+-------------------------------------------
     0 | D:1      | Peloso the Minotaur Fighter began the quest for the Orb.
     0 | D:1      | Reached XP level 1. HP: 19/19 MP: 0/0
   270 | D:1      | Reached XP level 2. HP: 27/27 MP: 1/1
   681 | D:1      | Gained mutation: You are clumsy. (Dex -2) [potion of
                  | mutation]
   681 | D:1      | Gained mutation: You have a pair of large horns on your
                  | head. [potion of mutation]
   681 | D:1      | Gained mutation: Your flesh is cold resistant. (rC+)
                  | [potion of mutation]
   718 | D:$      | Got out of the dungeon alive.

Illustrated notes

Levels and vault maps discovered:
D:1:      matt_arrival_los_fun, layout_basic, serial_curves, eino_curves_04,
          eino_curves_01

Skill      XL: |  1  2 |
---------------+-------+-----
Armour         | 4 |  4.1
Fighting       | 4 |  4.0
Long Blades    | |  2.8
Shields        | |  3.9

Action                     || total
---------------------------++-------
  Melee: Long sword        ||    32
         Headbutt          ||     2
    Use: Potion            ||     1
 Armour: Scale mail        ||     9
  Dodge: Dodged            ||    12
  Block: Buckler           ||     6
